 Dungeon Crawl Stone Soup version 0.16.1-16-gc44b35d (webtiles) character file.

1878 Chiseanne the Covert (level 8, -2/39 HPs)
             Began as a Spriggan Assassin on Apr 28, 2015.
             Was an Initiate of Gozag.
             Killed from afar by Psyche (4 damage)
             ... with a puff of frost
             ... on level 8 of the Dungeon.
             The game lasted 00:22:51 (9009 turns).

Chiseanne the Covert (Spriggan Assassin)            Turns: 9009, Time: 00:22:51

Health: -2/39      AC:  3    Str:  7    XL:     8   Next: 91%
Magic:  16/16      EV: 25    Int: 12    God:    Gozag
Gold:   454        SH:  8    Dex: 20    Spells: 0 memorised, 7 levels left

rFire  . . .     SeeInvis +     w - +1 blowgun
rCold  . . .     Clarity  .     c - +0 robe
rNeg   . . .     SustAb   +     A - +1 buckler
rPois  .         Gourm    .     (helmet restricted)
rElec  .         Spirit   .     d - +0 cloak
rCorr  .         Warding  .     (gloves unavailable)
rMut   .         Stasis   .     (boots unavailable)
MR     +....                    (no amulet)
Stlth  +++++++...               (no ring)
                                n - ring of sustain abilities

@: very quick, somewhat resistant to hostile enchantments, extremely stealthy
A: unfitting armour, see invisible, herbivore 3, speed 3, slow metabolism 2
a: Potion Petition, Call Merchant, Bribe Branch, Renounce Religion


You were on level 8 of the Dungeon.
You worshipped Gozag.
Gozag was noncommittal.
You were not hungry.

You visited 1 branch of the dungeon, and saw 8 of its levels.

You collected 622 gold pieces.
You paid 168 gold pieces to Gozag.

Inventory:

Hand weapons
 a - a +2 dagger of flaming
 e - a +2 hunting sling of flaming
 s - a +2 whip of electrocution
 w - a +1 blowgun (weapon)
Missiles
 f - 12 curare-tipped needles
 h - 105 sling bullets
 k - 19 silver bolts
 m - 109 arrows
 p - 38 poisoned needles (quivered)
 r - 11 poisoned arrows
 y - 51 bolts
 I - a throwing net
Armour
 c - a +0 robe (worn)
 d - a +0 cloak (worn)
 A - a +1 buckler (worn)
Jewellery
 n - a ring of sustain abilities (left hand)
 F - an uncursed ring of fire
Magical devices
 C - a wand of teleportation (3)
Scrolls
 b - 2 scrolls of recharging
 i - 2 scrolls of blinking
 j - 4 scrolls of magic mapping
 t - 4 scrolls of identify
 x - a scroll of enchant armour
 B - 3 scrolls of remove curse
 E - a scroll of immolation
 H - a scroll of teleportation
Potions
 l - a potion of haste
 o - 2 potions of curing
 q - a potion of magic
 u - 4 potions of agility
 z - a potion of berserk rage
 G - a potion of cancellation
Books
 v - a Fen Folio

   Spells                             Type                      Level
   a - Corpse Rot                     Necromancy                   2
   b - Stone Arrow                    Conjuration/Earth            3
   c - Leda's Liquefaction            Hexes/Earth                  4
   d - Summon Forest                  Summoning/Translocation      5
   e - Hydra Form                     Transmutation                6
   f - Summon Hydra                   Summoning                    7
Comestibles
 g - 3 bread rations
 D - 3 slices of pizza
 J - a royal jelly
 K - 4 fruits


   Skills:
 * Level 2.7 Fighting
 - Level 2.1 Short Blades
 - Level 2.1 Throwing
 - Level 8.7 Dodging
 * Level 14.3 Stealth
 * Level 1.8 Shields


You had 7 spell levels left.
You didn't know any spells.

Dungeon Overview and Level Annotations

Branches:
Dungeon (8/15)             Temple (0/1) D:7
   Lair: D:8-11

Altars:
Ashenzari
Cheibriados
Elyvilon
Fedhas
Gozag
Kikubaaqudgha
Makhleb
Okawaru
Trog
Vehumet
Xom
The Shining One

Annotations:
D:8 Psyche


Innate Abilities, Weirdness & Mutations

You are tiny and cannot use many weapons and most armour.
You have supernaturally acute eyesight.
You are a herbivore.
You cover ground extremely quickly.
You need consume almost no food.


Message History

You hear a splash.
Psyche becomes somewhat translucent.
The wasp stings the plant but does no damage.
Firing (i - inventory. (,) - cycle):
p - 39 poisoned needles (quivered)
Press: ? - help, Shift-Dir - straight line, f/p - Psyche
Aim: Psyche, wielding a dagger of distortion and wearing an embroidered robe (moderately wounded, fast, poisoned)
You shoot a poisoned needle.
The poisoned needle barely misses Psyche.
The poisoned needle hits the plant!
Psyche says, "I'm so lonely.
Only corpses are my friends."
Psyche casts a spell at you. The puff of flame hits you!
* * * LOW HITPOINT WARNING * * *
Psyche points at you and mumbles some strange words.
The magic dart hits you!
* * * LOW HITPOINT WARNING * * *
Psyche points at you and mumbles some strange words.
The puff of frost hits you!
You die...
Your body crumbles into a pile of gold.

## #.# #.## #####
#..###...#####
#.....@y...PP### #
#.....###..(≈..#
###. ######
#...@.#
##P♣♣..##....
#....## ##....##
#≈≈≈P..(....
...#..######.....#
##..........
.####....#......##
##......### .#
###......####
#....### .#
##....## #...## ##
##...# ##..## #
##..# #..$## ##
#..# ##..y#


You could see Psyche and a wasp.

Vanquished Creatures
  Grinder (D:3)
  Menkaure (D:4)
  A wasp (D:8)
  2 sky beasts
  2 ogres
  2 centaurs (D:5)
  A big kobold (D:8)
  A gnoll sergeant (D:7)
  A scorpion (D:5)
  A wight (D:7)
  3 jellies
  A goliath beetle (D:6)
  2 hounds
  A worker ant (D:8)
  4 iguanas
  11 gnolls
  10 adders
  2 river rats (D:8)
  2 shadow imps
  2 giant mites
  A worm (D:2)
  An adder skeleton (D:5)
  An ooze (D:1)
  13 orcs
  A ball python (D:1)
  2 bat skeletons
  A bat zombie (D:7)
  4 giant cockroaches
  10 goblins
  10 hobgoblins
  7 jackals
  13 kobolds
  7 quokkas
  23 bats
  8 giant geckos
  14 giant newts
  24 rats
191 creatures vanquished.

Notes
Turn   | Place    | Note
--------------------------------------------------------------
     0 | D:1      | Chiseanne, the Spriggan Assassin, began the quest for the Orb.
     0 | D:1      | Reached XP level 1. HP: 10/10 MP: 2/2
    22 | D:1      | Reached skill level 6 in Stealth
   355 | D:1      | Reached XP level 2. HP: 14/14 MP: 4/4
   659 | D:1      | Reached skill level 7 in Stealth
  1303 | D:1      | Reached XP level 3. HP: 5/18 MP: 6/6
  1933 | D:2      | Reached XP level 4. HP: 22/22 MP: 8/8
  1992 | D:2      | Reached skill level 8 in Stealth
  2566 | D:3      | Found a shimmering altar of Xom.
  2574 | D:3      | Noticed Grinder
  2589 | D:3      | Killed Grinder
  2589 | D:3      | Reached skill level 5 in Dodging
  2589 | D:3      | Reached skill level 9 in Stealth
  2589 | D:3      | Reached XP level 5. HP: 11/25 MP: 10/10
  2589 | D:3      | Reached XP level 6. HP: 13/30 MP: 12/12
  3444 | D:4      | Noticed Menkaure
  3731 | D:4      | Killed Menkaure
  3731 | D:4      | Reached skill level 10 in Stealth
  3937 | D:4      | Reached XP level 7. HP: 28/33 MP: 14/14
  5197 | D:5      | Entered Level 5 of the Dungeon
  5199 | D:5      | Reached skill level 11 in Stealth
  6179 | D:5      | Found a glowing golden altar of the Shining One.
  6230 | D:5      | Reached XP level 8. HP: 37/39 MP: 16/16
  6514 | D:5      | Reached skill level 12 in Stealth
  6671 | D:6      | Found a radiant altar of Vehumet.
  7041 | D:6      | Found a shattered altar of Ashenzari.
  7041 | D:6      | Found a white marble altar of Elyvilon.
  7047 | D:6      | Found a burning altar of Makhleb.
  7047 | D:6      | Found an ancient bone altar of Kikubaaqudgha.
  7163 | D:6      | Reached skill level 1 in Shields
  7294 | D:6      | Found an opulent altar of Gozag.
  7295 | D:6      | Found a snail-covered altar of Cheibriados.
  7342 | D:6      | Found an iron altar of Okawaru.
  7517 | D:6      | Became a worshipper of Gozag Ym Sagoz the Greedy
  7617 | D:7      | Reached skill level 13 in Stealth
  8099 | D:7      | Found a staircase to the Ecumenical Temple.
  8673 | D:7      | Found a blossoming altar of Fedhas.
  8673 | D:7      | Found a bloodstained altar of Trog.
  8834 | D:8      | Reached skill level 14 in Stealth
  8974 | D:8      | Noticed Psyche
  9009 | D:8      | Killed from afar by Psyche

Action                   |  1- 3 |  4- 6 |  7- 9 || total
-------------------------+-------+-------+-------++-------
Melee: Dagger            |    80 |    52 |   281 ||   413
       Whip              |    26 |    58 |       ||    84
 Fire: Blowgun           |    17 |     7 |    73 ||    97
       Hunting sling     |       |    13 |    14 ||    27
Evoke: Wand              |       |       |    16 ||    16
  Use: Potion            |       |     4 |       ||     4
       Scroll            |       |     9 |     8 ||    17
 Stab: Sleeping          |    12 |     7 |    32 ||    51
       Distracted        |     1 |     1 |     6 ||     8
  Eat: Bread ration      |       |     1 |       ||     1
